AoeStats
← PeterMT2699

Oasis

509545371Analyzed
2v2 RM · 5d ago on Sep 27, 2026· 97m 31s· 4 players
Game mode
Random Map
Map size
Medium (4 player)
Population
200
Speed
Normal
Resources
Standard
Victory
Conquest
Starting age
Dark Age
Ending age
Imperial Age
RankedLock teamsTeams togetherTeam positionsShared explorationLock speedFull tech treeHidden civsTurbo modeCheats
Victory
Defeat
🇦🇺 Hindustanis · Australia
1099
+9
🇦🇺 Saxons · Australia
1087
+10
🇻🇳 Byzantines · Vietnam
957
-10
🇺🇸 Celts · United States
938
-9
PeterMT2699
5:00 Loom
11:36 Feudal Age
11:57 Horse Collar
12:05 Double-Bit Axe
20:13 Castle Age
18:35 Stone Mining
18:37 Gold Mining
22:46 Heavy Plow
23:07 Bow Saw
26:07 Wheelbarrow
28:11 Imperial Age
26:47 Guard Tower
27:07 Scale Barding Armor
28:12 Forging
29:00 Murder Holes
29:30 Ballistics
29:25 Pikeman
30:07 Squires
32:37 Chemistry
32:26 Caravan
34:34 Chain Barding Armor
34:37 Hand Cart
36:08 Iron Casting
37:10 Two-Man Saw
36:27 Fletching
37:42 Guilds
39:43 Plate Barding Armor
39:22 Scale Mail Armor
42:06 Keep
41:20 Arrowslits
43:10 Elite Cataphract
45:37 Treadmill Crane
48:29 Logistica
48:46 Conscription
51:58 Chain Mail Armor
56:05 Fervor
60:23 Bodkin Arrow
60:29 Padded Archer Armor
61:00 Plate Mail Armor
61:07 Bracer
62:13 Onager
64:40 Halberdier
67:06 Elite Varangian Guard
67:32 Arson
71:11 Hoardings
73:17 Leather Archer Armor
81:29 Bombard Tower
85:01 Greek Fire
90:24 Fortified Wall
93:39 Elite Skirmisher
Khan Noonien Smith
4:35 Loom
12:56 Feudal Age
14:16 Double-Bit Axe
14:15 Horse Collar
17:01 Town Watch
21:17 Castle Age
19:58 Stone Mining
25:04 Heavy Plow
25:50 Bow Saw
28:54 Gold Mining
29:24 Town Watch
30:28 Gold Shaft Mining
33:59 Imperial Age
32:18 Wheelbarrow
34:24 Hand Cart
34:33 Caravan
35:13 Conscription
35:47 Town Patrol
36:03 Capped Ram
36:34 Onager
37:26 Heavy Scorpion
38:28 Pikeman
39:45 Siege Ram
40:07 Man-at-Arms
40:11 Halberdier
40:36 Gambesons
41:08 Siege Engineers
42:08 Masonry
42:09 Fortified Wall
42:16 Forging
42:06 Scale Mail Armor
41:33 Long Swordsman
43:01 Two-Handed Swordsman
43:29 Arson
44:37 Champion
45:05 Elite Woad Raider
46:43 Furor Celtica
49:26 Ballistics
50:07 Chemistry
49:48 Iron Casting
49:28 Chain Mail Armor
49:03 Fletching
50:45 Stronghold
53:15 Siege Onager
56:16 Murder Holes
57:03 Cavalier
57:44 Husbandry
57:05 Light Cavalry
58:14 Paladin
58:30 Hussar
64:24 Blast Furnace
63:54 Plate Mail Armor
63:20 Bodkin Arrow
63:25 Padded Archer Armor
69:59 Hoardings
70:24 Scale Barding Armor
75:35 Chain Barding Armor
75:30 Leather Archer Armor
77:44 Ring Archer Armor
largeunitmoss
11:45 Feudal Age
13:20 Loom
13:51 Loom
17:08 Castle Age
15:08 Double-Bit Axe
15:08 Horse Collar
17:17 Wheelbarrow
18:10 Bow Saw
22:04 Heavy Plow
26:51 Gold Mining
26:58 Stone Mining
30:27 Fortified Wall
33:19 Imperial Age
32:01 Hand Cart
31:53 Caravan
34:39 Gold Shaft Mining
34:06 Town Watch
33:52 Shield Wall
34:53 Conscription
36:31 Two-Man Saw
36:04 Crop Rotation
35:59 Masonry
35:46 Treadmill Crane
36:34 Forging
36:13 Elite Hearth Troop
38:24 Iron Casting
37:49 Scale Mail Armor
39:19 Chain Mail Armor
40:55 Squires
40:43 Gambesons
40:44 Arson
42:06 Plate Mail Armor
43:54 Siege Engineers
44:27 Architecture
45:11 Chemistry
44:31 Ballistics
44:06 Fletching
44:16 Padded Archer Armor
46:39 Bodkin Arrow
46:59 Leather Archer Armor
48:49 Bracer
49:19 Ring Archer Armor
50:37 Elite Varangian Guard
60:49 Capped Ram
62:13 Siege Ram
80:56 Cranequins
80:59 Heavy Mounted Crossbowman
82:01 Thumb Ring
chromies
3:51 Loom
11:38 Feudal Age
12:30 Double-Bit Axe
13:50 Wheelbarrow
16:38 Castle Age
16:35 Horse Collar
18:14 Heavy Plow
22:05 Gold Mining
27:24 Imperial Age
25:57 Hand Cart
26:03 Hand Cart
27:58 Ballistics
27:52 Fortified Wall
28:00 Forging
27:50 Scale Mail Armor
29:14 Chemistry
28:45 Bow Saw
28:48 Caravan
30:49 Two-Man Saw
32:06 Masonry
32:43 Iron Casting
32:23 Chain Mail Armor
32:08 Town Watch
33:30 Grand Trunk Road
33:52 Conscription
35:01 Gold Shaft Mining
34:34 Town Patrol
35:57 Siege Engineers
36:13 Ballistics
37:01 Blast Furnace
35:51 Fletching
36:07 Scale Barding Armor
36:02 Padded Archer Armor
36:01 Elite Ghulam
37:49 Squires
37:35 Arson
38:28 Hoardings
37:54 Shatagni
41:05 Bodkin Arrow
41:26 Leather Archer Armor
41:31 Chain Barding Armor
41:27 Bloodlines
41:17 Husbandry
40:37 Heavy Camel Rider
42:45 Thumb Ring
45:12 Bracer
45:42 Ring Archer Armor
46:47 Imperial Camel Rider
50:14 Plate Barding Armor
63:34 Coinage
78:05 Banking
Connection lost

Rejoining the realm…

Still unreachable

The connection could not be restored.

Session expired

The server has moved on; the page needs a fresh start.